 Dungeon Sprint DCSS version 0.17-a0-1691-g18a3847 (webtiles) character file.

32 Kidiri the Sneak (level 3, -2/16 HPs)
             Began as a Spriggan Enchanter on Aug 20, 2015.
             Slain by a human (6 damage)
             ... in the Dungeon (Sprint III: "The Ten Rune Challenge").
             The game lasted 00:00:51 (120 turns).

Kidiri the Sneak (Spriggan Enchanter)                Turns: 120, Time: 00:00:51

Health: -2/16      AC:  3    Str:  4    XL:     3   Next: 8%
Magic:  1/9        EV: 21    Int: 16    God:
Gold:   5          SH:  0    Dex: 17    Spells: 4 memorised, 1 level left

rFire  . . .     SeeInvis +     a - +1 dagger
rCold  . . .     Clarity  .     b - +1 robe
rNeg   . . .     SustAt   .     (shield restricted)
rPois  .         Gourm    .     (helmet restricted)
rElec  .         Spirit   .     (no cloak)
rCorr  .         Warding  .     (gloves unavailable)
rMut   .         NoTele   +     (boots unavailable)
MR     .....                    (no amulet)
Stlth  ++++......               (no ring)
                                (no ring)

@: very slightly contaminated, very quick, not resistant to hostile
enchantments, stealthy
A: unfitting armour, see invisible, herbivore 3, speed 3, slow metabolism 2
a: no special abilities


You were in the Dungeon.
You were not hungry.

You visited 1 branch You collected 5 gold pieces.

Inventory:

Hand weapons
 a - a +1 dagger (weapon)
Armour
 b - a +1 robe (worn)
Scrolls
 j - a scroll of blinking
Potions
 e - a potion of curing
 f - a potion of heal wounds
 g - a potion of haste
 h - 2 potions of magic
 i - a potion of berserk rage
Books
 c - a book of Maledictions

   Spells                             Type                      Level
   a - Corona                         Hexes                        1
   b - Ensorcelled Hibernation        Hexes/Ice                    2
   c - Confuse                        Hexes                        3
   d - Tukima's Dance                 Hexes                        3
   e - Dazzling Spray                 Conjuration/Hexes            3
Comestibles
 d - a bread ration


   Skills:
 + Level 2.4 Short Blades
 * Level 5.6 Dodging
 * Level 6.5 Stealth
 * Level 4.3 Spellcasting
 + Level 4.3 Hexes
 + Level 0.0 Ice Magic


You had one spell level left.
You knew the following spells:

 Your Spells              Type           Power        Failure   Level  Hunger
a - Corona                Hex            ###....      3%          1    None
b - Tukima's Dance        Hex            ###.....     12%         3    ###....
c - Ensorcelled Hibernat  Hex/Ice        ##....       12%         2    ##.....
d - Confuse               Hex            ###.....     12%         3    ###....


Dungeon Overview and Level Annotations

Branches:
Dungeon (1/1)

Altars:


Innate Abilities, Weirdness & Mutations

You are tiny and cannot use many weapons and most armour.
You have supernaturally acute eyesight.
You are a herbivore.
You cover ground extremely quickly.
You need consume almost no food.


Message History

You completely miss the human.
The human is almost dead.
The human completely misses you.
You hit the human.
The human is almost dead.
The human closely misses you.
You hit the human.
The human is almost dead.
The human hits you.
* * * LOW HITPOINT WARNING * * *
You hit the human but do no damage.
The human is almost dead.
The human completely misses you.
You barely miss the human.
The human is almost dead.
The human closely misses you.
You hit the human but do no damage.
The human is almost dead.
The human stops glowing.
The human hits you.
You die...

▓.....#....≈♣ .#
▓%....#...≈≈.♣.♣♣.#
▓.....#..≈≈≈≈.♣...+
▓####'#..≈≈≈≈≈≈♣..#
▓[....#.≈≈≈≈≈≈....#
▓...[.#.≈≈≈≈≈.....#
▓.....#.≈≈≈.......#
▓'#####...........#
▓.....@p..........#
▓▓▓▓▓▓▓▓▓▓▓▓▓▓▓▓▓▓▓


You could see a human.

Vanquished Creatures
  Jessica (D)
  An ooze (D)
  2 rats (D)
4 creatures vanquished.

Vanquished Creatures (others)
  A yaktaur (D)
1 creature vanquished.

Grand Total: 5 creatures vanquished

Notes
Turn   | Place    | Note
--------------------------------------------------------------
     0 | D        | Kidiri the Spriggan Enchanter began the quest for the Orb.
     0 | D        | Reached XP level 1. HP: 9/9 MP: 5/5
     7 | D        | Reached skill level 5 in Stealth
    19 | D        | Noticed Jessica
    22 | D        | Killed Jessica
    22 | D        | Reached skill level 5 in Dodging
    22 | D        | Reached skill level 6 in Stealth
    22 | D        | Reached XP level 2. HP: 13/13 MP: 6/8
    22 | D        | Reached XP level 3. HP: 16/16 MP: 6/9
    30 | D        | Learned a level 3 spell: Tukima's Dance
    33 | D        | Learned a level 2 spell: Ensorcelled Hibernation
    37 | D        | Learned a level 3 spell: Confuse
    81 | D        | Killed a yaktaur
   120 | D        | Slain by a human

Vault maps used:
D:        dungeon_sprint_mu

Action                   || total
-------------------------++-------
Melee: Dagger            ||    14
 Cast: Tukima's Dance    ||     3
       Corona            ||     2
 Stab: Sleeping          ||     4
